AoeStats
← Fedex087

Pilgrims

510176991Analyzed
4v4 RM · 19h ago on Sep 29, 2026· 23m 6s· 8 players
Game mode
Random Map
Map size
Large (8 player)
Population
200
Speed
Normal
Resources
Standard
Victory
Conquest
Starting age
Dark Age
Ending age
Imperial Age
RankedLock teamsTeams togetherTeam positionsShared explorationLock speedFull tech treeHidden civsTurbo modeCheats
Victory
Defeat
🇫🇷 Bohemians · France
1231
+14
🇮🇳 Byzantines · India
1229
+14
🇹🇷 Saxons · Türkiye
1222
+14
🇯🇵 Britons · Japan
1212
+14
1198
-15
🇺🇸 Japanese · United States
1188
-14
🇨🇳 Franks · China
1176
-14
🇦🇷 Koreans · Argentina
1164
-13
Kryptonknight
10:22 Feudal Age
9:29 Loom
11:06 Double-Bit Axe
14:51 Castle Age
13:04 Loom
13:32 Horse Collar
13:40 Horse Collar
13:49 Fishing Lines
17:49 Bow Saw
17:40 Heavy Plow
22:00 Fletching
myth大帝110110110
6:27 Loom
9:24 Feudal Age
9:36 Man-at-Arms
11:35 Forging
16:31 Double-Bit Axe
17:39 Fishing Lines
Fedex087
11:53 Feudal Age
12:57 Loom
18:14 Fletching
18:14 Town Watch
默默发育
11:06 Feudal Age
13:17 Loom
16:14 Castle Age
15:12 Double-Bit Axe
15:09 Fishing Lines
17:48 Bow Saw
anat03
8:03 Loom
10:04 Feudal Age
12:02 Double-Bit Axe
19:00 Castle Age
Götçü Baba Türbesi
10:33 Feudal Age
11:00 Double-Bit Axe
18:59 Castle Age
19:50 Medium Warships
20:24 Bow Saw
22:18 Scale Mail Armor
22:28 Forging
22:44 Fishing Lines
sada-aki
8:58 Loom
11:34 Feudal Age
12:04 Double-Bit Axe
16:26 Castle Age
17:21 Bow Saw
17:09 Gold Mining
17:14 Stone Mining
17:41 Treadmill Crane
18:27 Fletching
18:37 Padded Archer Armor
19:26 Horse Collar
AztecKiller2427
4:03 Loom
9:58 Feudal Age
10:30 Double-Bit Axe
17:10 Castle Age
16:06 Gold Mining
17:03 Fishing Lines
18:18 Bow Saw
18:41 Medium Warships
19:20 Clinker Construction
19:16 Siphons
20:45 Demolition Ship
Connection lost

Rejoining the realm…

Still unreachable

The connection could not be restored.

Session expired

The server has moved on; the page needs a fresh start.